 Dungeon Crawl Stone Soup version 0.24-a0-355-gbe4061de67 (webtiles) character file.

Game seed: 11066860692452630322

7076 kaladindcss the Cleaver (level 11, -1/99 HPs)
             Began as a Hill Orc Fighter on May 24, 2019.
             Was a High Priest of Okawaru.
             Slain by a nine-headed hydra (7 damage)
             ... on level 11 of the Dungeon.
             The game lasted 00:23:30 (8731 turns).

kaladindcss the Cleaver (Hill Orc Fighter)          Turns: 8731, Time: 00:23:31

Health: -1/99      AC: 18    Str: 23    XL:     11   Next: 9%
Magic:  17/17      EV:  7    Int:  8    God:    Okawaru [*****.]
Gold:   587        SH: 10    Dex: 10    Spells: 10/10 levels left

rFire    . . .     SeeInvis .   O - +2 war axe
rCold    . . .     Gourm    .   c - +0 shield
rNeg     . . .     Faith    .   w - +0 plate armour
rPois    +         Spirit   .   M - +0 helmet
rElec    .         Reflect  .   (no cloak)
rCorr    +         Harm     .   N - +0 pair of gloves
MR       .....                  p - +0 pair of boots
Stlth    ..........             o - amulet of regeneration
HPRegen  0.66/turn              I - ring of poison resistance
MPRegen  0.15/turn              l - ring of resist corrosion

@: no status effects
A: no striking features
a: Heroism, Finesse, Renounce Religion


You were on level 11 of the Dungeon.
You worshipped Okawaru.
Okawaru was extremely pleased with you.
You were very hungry.

You visited 2 branches of the dungeon, and saw 12 of its levels.
You also visited: Sewer.

You collected 587 gold pieces.

Inventory:

Hand Weapons
 O - a +2 war axe (weapon)
Armour
 c - a +0 shield (worn)
 p - a +0 pair of boots (worn)
 w - a +0 plate armour (worn)
 M - a +0 helmet (worn)
 N - a +0 pair of gloves (worn)
Jewellery
 a - an uncursed amulet of the acrobat {unknown}
 l - a ring of resist corrosion (right hand)
 o - an amulet of regeneration (around neck)
 I - a ring of poison resistance (left hand)
Wands
 v - a wand of flame (32)
 B - a wand of paralysis (9)
 C - a wand of disintegration (18)
 E - a wand of polymorph (8)
 G - a wand of acid (16)
 K - a wand of random effects (17)
Scrolls
 e - 3 scrolls of teleportation
 g - a scroll of blinking
 h - 9 scrolls of remove curse
 m - 4 scrolls of amnesia
 q - 3 scrolls of magic mapping
 r - a scroll of noise
 s - a scroll of enchant weapon
 t - 9 scrolls of fog
 y - 5 scrolls of fear
 F - a scroll of enchant armour
Potions
 b - 4 potions of brilliance
 d - a potion of might
 i - 10 potions of curing
 j - 2 potions of agility {unknown}
 k - 2 potions of degeneration {unknown}
 u - 4 potions of haste {unknown}
 x - a potion of magic {unknown}
 z - a potion of flight {unknown}
 A - a potion of invisibility {unknown}
 D - a potion of berserk rage {unknown}
 J - a potion of cancellation {unknown}
 L - a potion of mutation {unknown}
Comestibles
 f - 11 rations


   Skills:
 * Level 9.7 Fighting
 * Level 11.1 Axes
 * Level 8.7 Armour
 * Level 5.6 Dodging
 - Level 4.7 Shields
 * Level 8.4 Invocations


You had 10 spell levels left.
You didn't know any spells.
Your spell library contained the following spells:

 Spells                   Type           Power        Failure   Level  Hunger
 Freeze                   Ice            #...         100%        1    ##.....
 Poisonous Vapours        Pois/Air       #.....       100%        2    ###....
 Throw Frost              Conj/Ice       #.....       100%        2    ###....
 Conjure Flame            Conj/Fire      #.......     100%        3    ####...
 Mephitic Cloud           Conj/Pois/Air  #.......     100%        3    ####...
 Ozocubu's Armour         Chrm/Ice       #.......     100%        3    ####...
 Summon Ice Beast         Ice/Summ       #.......     100%        4    #####..
 Throw Icicle             Conj/Ice       #.......     100%        4    #####..
 Freezing Cloud           Conj/Ice/Air   #.........   100%        6    #######
 Ring of Flames           Chrm/Fire      #.........   100%        7    #######


Dungeon Overview and Level Annotations

Branches:
Dungeon (11/15)            Temple (1/1) D:5            Lair (0/6) D:10
    Orc: D:9-12

Altars:
Ashenzari
Cheibriados
Dithmenos
Elyvilon
Fedhas
Hepliaklqana
Kikubaaqudgha
Makhleb
Okawaru
Sif Muna
Uskayaw
Vehumet
Yredelemnul
Zin

Annotations:
D:10 1 runed translucent door, crawlian's ghost, journeyman DEFE


Message History

You block the eight-headed hydra's attack.
The eight-headed hydra bites you but does no damage.
You block the eight-headed hydra's attack.
The eight-headed hydra bites you.
* * * LOW HITPOINT WARNING * * *
The eight-headed hydra bites you!
* * * LOW HITPOINT WARNING * * *
You chop one of the eight-headed hydra's heads off!
The seven-headed hydra grows two more!
You slash the nine-headed hydra!
The nine-headed hydra is moderately wounded.
You barely miss the shadow. The shadow hits you.
You block the nine-headed hydra's attack.
The nine-headed hydra barely misses you.
The nine-headed hydra bites you!
* * * LOW HITPOINT WARNING * * *
The nine-headed hydra barely misses you.
You block the nine-headed hydra's attack.
The nine-headed hydra bites you but does no damage.
The nine-headed hydra bites you!
You die...

#.#.#...#.######..#
#.#.#...#<.....#..#
#.#.#....)........#
#...##..#.###.#...#
#...##........#...#
#...###.#.#####...#
...)....#.....#^# #...#
#########.#####.#####...#
..#....D@................
#.#.#####W.####.#####.###
#.#.# ##.## #.......(..
#.#.######..###..####.###
#................# #.#
###.#######.###.### #.###
#.......#....... #.#..
#...#.###..##.###.#.#.#
#...#.............#.#.#


You could see a nine-headed hydra and a shadow.

Vanquished Creatures
  A two-headed ogre (D:7)
  A tengu warrior (D:11)
  Joseph (D:10)
  A troll (D:9)
  A hornet (D:10)
  A hippogriff (D:8)
  6 yaks (D:10)
  Grum (D:8)
  A wyvern (D:9)
  A hungry ghost (D:11)
  2 soldier ants
  A hornet zombie (D:8)
  Purgy (Sewer)
  A black bear (D:7)
  3 orc warriors
  3 ice beasts
  An ogre (D:11)
  2 wolves (D:8)
  A necrophage (D:9)
  Blork the orc (D:4)
  A big kobold (D:6)
  A gnoll sergeant (D:7)
  6 bullfrogs
  A wyvern zombie (D:10)
  2 scorpions
  5 killer bees (D:11)
  A howler monkey (D:6)
  A centaur zombie (D:5)
  A crimson imp (D:5)
  9 hounds
  A jelly (D:7)
  2 centaur skeletons
  2 orc priests
  2 bullfrog skeletons (D:7)
  5 orc wizards
  7 worker ants
  2 iguanas
  A hound zombie (D:5)
  2 hound skeletons
  A howler monkey zombie (D:5)
  8 gnolls
  A howler monkey skeleton (D:4)
  10 adders
  2 shadow imps
  2 worms
  4 leopard geckos
  30 orcs
  4 ball pythons
  8 bats
  5 giant cockroaches
  7 hobgoblins
  2 jackals (D:5)
  11 kobolds
  3 quokkas
  8 frilled lizards
  6 goblins
  9 rats
204 creatures vanquished.

Vanquished Creatures (others)
  5 fungi (D:6)
5 creatures vanquished.

Grand Total: 209 creatures vanquished

Notes
Turn   | Place    | Note
-------+----------+-------------------------------------------
     0 | D:1      | kaladindcss the Hill Orc Fighter began the quest for the
                  | Orb.
     0 | D:1      | Reached XP level 1. HP: 19/19 MP: 1/1
    90 | D:1      | Reached XP level 2. HP: 25/27 MP: 2/2
   497 | D:2      | Reached skill level 3 in Axes
   497 | D:2      | Reached XP level 3. HP: 21/33 MP: 3/3
   932 | D:2      | Reached XP level 4. HP: 40/40 MP: 4/4
  1124 | D:2      | Found a snail-covered altar of Cheibriados.
  1125 | D:2      | Found a radiant altar of Vehumet.
  1491 | D:3      | Reached skill level 4 in Axes
  1616 | D:3      | Reached XP level 5. HP: 44/46 MP: 5/5
  1751 | D:3      | Found a burning altar of Makhleb.
  1751 | D:3      | Found a white marble altar of Elyvilon.
  1762 | D:3      | Found a faded altar of an unknown god.
  1764 | D:3      | Found a basalt altar of Yredelemnul.
  1765 | D:3      | Found a faded altar of an unknown god.
  1891 | D:3      | Reached skill level 5 in Axes
  2088 | D:4      | Reached XP level 6. HP: 53/53 MP: 6/6
  2247 | D:4      | Found a hide-covered altar of Uskayaw.
  2247 | D:4      | Noticed Blork the orc
  2298 | D:4      | Killed Blork the orc
  2298 | D:4      | Reached skill level 6 in Axes
  2783 | D:5      | Entered Level 5 of the Dungeon
  2793 | D:5      | Reached skill level 1 in Dodging
  2823 | D:5      | Reached XP level 7. HP: 57/60 MP: 7/7
  2836 | D:5      | Found a staircase to the Ecumenical Temple.
  2852 | D:5      | Reached skill level 5 in Fighting
  2867 | Temple   | Entered the Ecumenical Temple
  2899 | Temple   | Became a worshipper of Warmaster Okawaru
  3066 | D:5      | Found a glowing drain.
  3086 | Sewer    | Entered a sewer
  3174 | Sewer    | Noticed Purgy
  3201 | Sewer    | Killed Purgy
  3201 | Sewer    | Reached skill level 7 in Axes
  3551 | D:6      | Reached skill level 5 in Armour
  3680 | D:6      | Reached skill level 1 in Invocations
  3690 | D:6      | Reached * piety under Okawaru
  3690 | D:6      | Reached XP level 8. HP: 70/70 MP: 7/9
  4485 | D:7      | Noticed a two-headed ogre
  4495 | D:7      | Killed a two-headed ogre
  4495 | D:7      | Reached skill level 8 in Axes
  4495 | D:7      | Reached XP level 9. HP: 18/79 MP: 9/12
  4747 | D:7      | Reached ** piety under Okawaru
  4747 | D:7      | Reached skill level 9 in Axes
  5029 | D:7      | Reached skill level 5 in Invocations
  5229 | D:7      | Found an ancient bone altar of Kikubaaqudgha.
  5875 | D:8      | Found a shadowy altar of Dithmenos.
  5883 | D:8      | Noticed Grum
  5904 | D:8      | Killed Grum
  6296 | D:9      | Reached *** piety under Okawaru
  6351 | D:9      | Reached XP level 10. HP: 85/88 MP: 14/14
  6435 | D:9      | Reached skill level 10 in Axes
  7121 | D:10     | Entered Level 10 of the Dungeon
  7165 | D:10     | Found a staircase to the Lair.
  7245 | D:10     | Found a runed translucent door.
  7269 | D:10     | Noticed Joseph
  7298 | D:10     | Killed Joseph
  7436 | D:10     | Reached skill level 5 in Dodging
  7440 | D:10     | Reached **** piety under Okawaru
  7683 | D:10     | Noticed crawlian's ghost (journeyman DEFE)
  8038 | D:11     | Noticed a tengu warrior
  8088 | D:11     | Killed a tengu warrior
  8088 | D:11     | Reached ***** piety under Okawaru
  8088 | D:11     | Reached skill level 11 in Axes
  8088 | D:11     | Reached XP level 11. HP: 32/99 MP: 17/17
  8722 | D:11     | Noticed a four-headed hydra
  8731 | D:11     | Slain by a nine-headed hydra

Levels and vault maps discovered:
D:1:      dpeg_arrival_court, layout_rooms
D:2:      layout_rooms, gammafunk_temple_overflow_pools, first_ration,
          chequers_serial_rivers_small_b
D:3:      layout_rooms, chequers_temple_overflow_minitemple
D:4:      layout_loops_cross, kennysheep_little_box, uniq_blork_the_orc
D:5:      layout_rooms, minmay_temple_entry_ruins, gup_sewer_entry_glass
D:6:      layout_basic, serial_aquarium, aquarium_bridge_square
          [aquarium_subvault_bridge, aquarium_subvault_bridge,
          aquarium_subvault_wall, aquarium_subvault_bridge], aquarium_window_2,
          aquarium_window_1, aquarium_window_1, aquarium_view_4,
          aquarium_balcony_5a
D:7:      layout_basic, basic_altar, kennysheep_generic_room_15
D:8:      layout_basic, lemuel_doored_altar, uniq_grum
D:9:      layout_basic, chequers_serial_rivers_small_3
D:10:     layout_cross, lair_entry_dummy, ebering_ghost_inner_flame, uniq_joseph
D:11:     layout_basic
Temple:   regret_index_temple_waves

Skill      XL: |  1  2  3  4  5  6  7  8  9 10 |
---------------+-------------------------------+-----
Fighting       | 4 5 7 8 9 |  9.7
Axes           | 3 4 5 6 7 8 9 11 | 11.1
Shields        | 4 |  4.7
Armour         | 4 5 6 7 8 |  8.7
Dodging        | 1 3 4 5 |  5.6
Invocations    | 1 4 6 8 |  8.4

Action                   |  1- 3 |  4- 6 |  7- 9 | 10-12 || total
-------------------------+-------+-------+-------+-------++-------
Melee: War axe           |   103 |   180 |   271 |    26 ||   580
       Hand axe          |       |       |   109 |   271 ||   380
  Use: Scroll            |       |     3 |     1 |    11 ||    15
       Potion            |       |       |     1 |     1 ||     2
  Eat: Ration            |       |     2 |     3 |     2 ||     7
       Chunk             |       |       |     1 |     2 ||     3
Armor: Scale mail        |    42 |    70 |       |       ||   112
       Plate armour      |       |    29 |   258 |   222 ||   509
Dodge: Dodged            |    40 |    54 |    69 |    69 ||   232
Block: Shield            |    65 |    99 |   215 |   179 ||   558

Table legend:
 A = Non-vault XP
 B = Vault XP
 C = Vault XP percentage of total XP
 D = Non-vault monster count
 E = Vault monster count
 F = Vault count percentage of total count
                 A         B        C        D         E       F
            +---------+---------+-------+---------+---------+-------
      Total |    8864 |    1245 |  12.3 |     190 |      14 |   6.9
            +---------+---------+-------+---------+---------+-------
        D:1 |      28 |       0 |   0.0 |      19 |       0 |   0.0
        D:2 |      70 |       0 |   0.0 |      14 |       0 |   0.0
        D:3 |     137 |       0 |   0.0 |      24 |       0 |   0.0
        D:4 |     229 |     100 |  30.4 |      14 |       1 |   6.7
        D:5 |     279 |      15 |   5.1 |      10 |       2 |  16.7
        D:6 |     383 |       0 |   0.0 |      20 |       0 |   0.0
        D:7 |    1802 |      90 |   4.8 |      30 |       1 |   3.2
        D:8 |     859 |     430 |  33.4 |      15 |       3 |  16.7
        D:9 |    1064 |       0 |   0.0 |      12 |       0 |   0.0
       D:10 |    2257 |     455 |  16.8 |      19 |       1 |   5.0
       D:11 |    1756 |       0 |   0.0 |      13 |       0 |   0.0
      Sewer |       0 |     155 | 100.0 |       0 |       6 | 100.0
            +---------+---------+-------+---------+---------+-------
